 Dungeon Crawl Stone Soup version 0.28-a0-1506-g3893175d92 (webtiles) character file.

Game seed: 6200709958548973809

798 HallandMoats the Skirmisher (level 7, 0/62 HPs)
             Began as a Ghoul Fighter on Jan 14, 2022.
             Was a Priest of Jiyva.
             Slain by a wight (8 damage)
             ... on level 4 of the Dungeon.
             The game lasted 00:04:54 (3146 turns).

HallandMoats the Skirmisher (Ghoul Fighter)         Turns: 3146, Time: 00:04:55

Health: 0/62       AC: 11    Str: 20    XL:     7   Next: 89%
Magic:  6/6        EV:  6    Int:  5    God:    Jiyva [***...]
Gold:   187        SH:  4    Dex:  8    Spells: 6/6 levels left

rFire   + . .      SeeInvis .   b - +2 whip (venom)
rCold   + + .      Faith    .   c - +0 buckler
rNeg    + + +      Spirit   .   h - +0 plate armour
rPois   ∞          Reflect  .   (no helmet)
rElec   .          Harm     .   d - scarf {rC+ rF+}
rCorr   +          Rampage  .   (no gloves)
Will    .....                   (no boots)
Stlth   ..........              (no amulet)
HPRegen 1.12/turn               (no ring)
MPRegen 0.45/turn               (no ring)

@: inhibited regen
A: claws 1, cold resistance 1, negative energy resistance 3, inhibited
regeneration, torment resistance 2
a: Renounce Religion, Oozemancy


You were on level 4 of the Dungeon.
You worshipped Jiyva.
Jiyva was most pleased with you.
You visited 1 branch of the dungeon, and saw 6 of its levels.

You collected 187 gold pieces.

Inventory:

Hand Weapons
 a - a +0 long sword
 b - a +2 whip of venom (weapon)
Armour
 c - a +0 buckler (worn)
 d - a scarf of resistance (worn)
 h - a +0 plate armour (worn)
Jewellery
 f - a ring of fire
 m - an amulet of guardian spirit
Wands
 n - a wand of paralysis (4)
Scrolls
 e - 2 scrolls of teleportation {unknown}
 g - 5 scrolls of identify {unknown}
 i - a scroll of acquirement {unknown}
 j - a scroll of summoning {unknown}
 k - a scroll of enchant weapon {unknown}
 l - a scroll of silence {unknown}
 o - a scroll of magic mapping {unknown}
 p - a scroll of enchant armour {unknown}


   Skills:
 * Level 5.7 Fighting
 * Level 4.3 Long Blades
 + Level 3.7 Armour
 + Level 2.4 Dodging
 * Level 4.5 Shields


You had 6 spell levels left.
You didn't know any spells.
Your spell library contained the following spells:

 Spells                   Type           Power      Damage    Failure   Level
 Gell's Gravitas          Tloc           0%         N/A       100%        3
 Lesser Beckoning         Tloc           0%         N/A       100%        3
 Teleport Other           Tloc           0%         N/A       100%        3


Dungeon Overview and Level Annotations

Branches:
Dungeon (6/15)             Temple (0/1) D:5

Altars:
Gozag
Trog
Yredelemnul
Jiyva


Innate Abilities, Weirdness & Mutations

You thrive by killing the living.
You are immune to poison.
You have sharp fingernails.
Your flesh is cold resistant. (rC+)
You are immune to negative energy. (rN+++)
You do not regenerate when monsters are visible.
You are immune to unholy pain and torment.


Message History

The wight hits you with a +4 morningstar of freezing!
* * * LOW HITPOINT WARNING * * *
You whack the wight!
The wight is almost destroyed.
The wight hits you with a +0 scimitar!
* * * LOW HITPOINT WARNING * * *
The wight hits you but does no damage.
You barely miss the wight.
The wight is almost destroyed.
The wight hits you but does no damage.
The wight hits you with a +4 morningstar of freezing.
* * * LOW HITPOINT WARNING * * *
The wight freezes you.
* * * LOW HITPOINT WARNING * * *
You hit the wight.
You destroy the wight!
You block the wight's attack.
Things that are here:
a +0 scimitar; a +0 robe A dart slug comes into view.
You see here a +0 robe.
You hit the dart slug.
The dart slug is moderately wounded.
The dart slug launches a dart at you. The slug dart hits you.
The wight hits you with a +4 morningstar of freezing!
* * * LOW HITPOINT WARNING * * *
You hit the dart slug but do no damage.
The dart slug is poisoned.
The dart slug is moderately wounded.
The wight hits you with a +4 morningstar of freezing.
* * * LOW HITPOINT WARNING * * *
The wight freezes you.
* * * LOW HITPOINT WARNING * * *
The dart slug barely misses you.
You hit the dart slug.
The dart slug looks as sick as possible!
The dart slug is severely wounded.
You kill the dart slug!
The wight hits you with a +4 morningstar of freezing!
You die...

#...##....##.#.##.#
###....$...w......
####........w..# #
#####.........#[##.#
####.............#.##.#
.................w.##g#
########.##.##.#g####.#
# #.##.##.#z# #g#
#.##)##.#@# #g#
#.##.##.#.# #<# ###
#.##z##.#.# #.# ..##
#.##.##.#.# #.#
##.#####.##.#....####.#
#.......##.......z...#
##.#########.###.######
.>## #.......# #.# .##
#.#####.###.#


You could see a wight, a gnoll and a dart slug.

Vanquished Creatures
  An orc warrior (D:5)
  An ogre (D:5)
  A centaur (D:4)
  A phantom (D:3)
  Blork the orc (D:4)
  A bullfrog (D:6)
  A wight (D:4)
  A hound (D:5)
  A gnoll shaman (D:6)
  A bullfrog skeleton (D:5)
  2 iguanas (D:4)
  2 orc wizards
  4 gnolls
  An adder (D:2)
  A white imp (D:6)
  An ufetubus (D:6)
  2 dart slugs
  5 orcs
  A ball python (D:1)
  An endoplasm (D:1)
  3 giant cockroaches (D:1)
  2 goblins (D:2)
  4 hobgoblins
  7 kobolds
  3 quokkas (D:1)
  6 bats
  2 frilled lizards (D:1)
  7 rats
64 creatures vanquished.

Vanquished Creatures (others)
  A scorpion (D:5)
  3 jellies
  An orc priest (D:6)
  A scorpion zombie (D:3)
  An orc wizard (D:6)
  An adder (D:3)
  An adder zombie (D:3)
  A dart slug (D:3)
  An endoplasm (D:3)
  An orc (D:5)
  A bat (D:2)
  A kobold (D:3)
  A ball python zombie (D:3)
  A frilled lizard (D:3)
  3 plants (D:6)
19 creatures vanquished.

Grand Total: 83 creatures vanquished

Notes
Turn   | Place    | Note
-------+----------+-------------------------------------------
     0 | D:1      | HallandMoats the Ghoul Fighter began the quest for the Orb.
     0 | D:1      | Reached XP level 1. HP: 19/19 MP: 0/0
   403 | D:1      | Reached XP level 2. HP: 13/26 MP: 1/1
   816 | D:1      | Reached XP level 3. HP: 33/33 MP: 2/2
  1023 | D:2      | Found a faded altar of an unknown god.
  1121 | D:2      | Prayed at the altar of an unknown god.
  1121 | D:2      | Became a worshipper of Jiyva Jibymp the Shapeless
  1121 | D:2      | Reached * piety under Jiyva
  1199 | D:2      | Found a bloodstained altar of Trog.
  1643 | D:3      | Found an opulent altar of Gozag.
  1809 | D:3      | Noticed a phantom
  1820 | D:3      | Killed a phantom
  1821 | D:3      | Reached skill level 4 in Fighting
  1821 | D:3      | Reached skill level 1 in Dodging
  1821 | D:3      | Reached XP level 4. HP: 27/40 MP: 3/3
  1821 | D:3      | Reached XP level 5. HP: 31/46 MP: 4/4
  1842 | D:3      | You fall into a shaft and drop 3 floors!
  1904 | D:6      | Reached ** piety under Jiyva
  1944 | D:6      | Reached XP level 6. HP: 37/53 MP: 5/5
  2128 | D:5      | Entered Level 5 of the Dungeon
  2136 | D:5      | Found a bloodstained altar of Trog.
  2265 | D:5      | Reached skill level 5 in Fighting
  2329 | D:5      | Found a staircase to the Ecumenical Temple.
  2343 | D:5      | Noticed an orc warrior
  2366 | D:5      | Killed an orc warrior
  2367 | D:5      | Reached XP level 7. HP: 50/61 MP: 6/6
  2549 | D:4      | Noticed Blork the orc
  2581 | D:4      | Killed Blork the orc
  2769 | D:3      | Found a basalt altar of Yredelemnul.
  2816 | D:3      | Reached *** piety under Jiyva
  3146 | D:4      | Slain by a wight

Illustrated notes

Levels and vault maps discovered:
D:1:      minmay_arrival_open_corners, layout_rooms, minmay_heptomino_d4
D:2:      layout_basic, basic_ecumenical_altar, basic_altar
D:3:      layout_loops_ring, nicolae_yredelemnul_corpse_copse,
          amcnicky_altar_gilded, grunt_ministairs_6, minmay_misc_feat_enclosed
D:4:      layout_loops_ring, uniq_robin, uniq_blork_the_orc
D:5:      layout_basic, mainiacjoe_overflow_surrounded_room,
          minmay_temple_entry_wispy
D:6:      cheibrodos_iron_armory, layout_loops_ring, grunt_ministairs_5,
          minmay_shop_grid_forest, serial_bayou_lagoon_b

Skill      XL: |  1  2  3  4  5  6  7 |
---------------+----------------------+-----
Long Blades    | 2 3 4 |  4.3
Fighting       | 4 5 |  5.7
Armour         | 3 |  3.7
Dodging        | 1 2 |  2.4
Shields        | 3 4 |  4.5

Action                   |  1- 3 |  4- 6 |  7- 9 || total
-------------------------+-------+-------+-------++-------
Melee: Long sword        |   122 |    12 |       ||   134
       Whip              |       |    56 |   101 ||   157
  Use: Potion            |       |     1 |       ||     1
Armor: Scale mail        |    49 |       |       ||    49
       Plate armour      |    40 |    56 |    73 ||   169
Dodge: Dodged            |    57 |    24 |    30 ||   111
Block: Buckler           |    28 |    14 |    24 ||    66

Table legend: (Time is in decaauts)
 A = Elapsed time spent in this place.
 B = Non-inter-level travel time spent in this place.
 C = Inter-level travel time spent in this place.
 D = Time resting spent in this place.
 E = Time spent auto-exploring this place.
 F = Levels seen in this place.
 G = Mean time per level.
                   A        B        C        D        E       F      G
               +--------+--------+--------+--------+--------+-----+--------+
         Total |   3218 |   3144 |     74 |    283 |   1906 |   6 |  536.3 |
       Dungeon |   3218 |   3144 |     74 |    283 |   1906 |   6 |  536.3 |
               +--------+--------+--------+--------+--------+-----+--------+

Top non-repeatable levels by time:
     D:1: 1017 daAuts
     D:3: 777 daAuts
     D:2: 615 daAuts
     D:6: 297 daAuts
     D:5: 270 daAuts
     D:4: 241 daAuts
